 Dungeon Crawl Stone Soup version 0.23-a0-274-g77505739ee (webtiles) character file.

360 Henning the Skirmisher (level 6, -25/53 HPs)
             Began as a Gnoll Abyssal Knight on Oct 2, 2018.
             Was a Priest of Lugonu.
             Annihilated by an ogre
             ... wielding a +0 giant spiked club
              (31 damage)
             ... on level 4 of the Dungeon.
             The game lasted 00:08:39 (3882 turns).

Henning the Skirmisher (Gnoll Abyssal Knight)       Turns: 3882, Time: 00:08:40

Health: -25/53     AC:  9    Str: 15    XL:     6   Next: 65%
Magic:  18/18      EV:  8    Int: 14    God:    Lugonu [***...]
Gold:   158        SH:  0    Dex: 16    Spells: 9/9 levels left

rFire    . . .     SeeInvis .   a - +1 mace
rCold    . . .     Gourm    .   (no shield)
rNeg     . . .     Faith    .   d - +0 chain mail
rPois    +         Spirit   .   (no helmet)
rElec    .         Reflect  .   n - scarf {cloud immunity}
rCorr    .         Harm     .   (no gloves)
MR       .....                  (no boots)
Stlth    ..........             (no amulet)
HPRegen  0.17/turn              k - ring of poison resistance
MPRegen  0.16/turn              q - ring of magical power

@: no status effects
A: distributed training, fangs 1, strong nose
a: Depart the Abyss, Bend Space, Banish, Renounce Religion


You were on level 4 of the Dungeon.
You worshipped Lugonu.
Lugonu was most pleased with you.
You were not hungry.

You visited 1 branch of the dungeon, and saw 4 of its levels.
You visited the Abyss 1 time.

You collected 158 gold pieces.

Inventory:

Hand Weapons
 a - a +1 mace (weapon)
Armour
 d - a +0 chain mail (worn)
 n - a scarf of cloud immunity (worn)
Jewellery
 k - a ring of poison resistance (left hand)
 q - a ring of magical power (right hand)
Scrolls
 f - 4 scrolls of identify {unknown}
 h - a scroll of fear {unknown}
 i - 2 scrolls of immolation {unknown}
 o - a scroll of enchant armour {unknown}
 p - a scroll of enchant weapon {unknown}
 r - 2 scrolls of teleportation {unknown}
 s - a scroll of remove curse {unknown}
Potions
 e - a potion of ambrosia {unknown}
 g - a potion of haste {unknown}
 j - a potion of resistance {unknown}
 l - 4 potions of curing {unknown}
 m - 3 potions of heal wounds {unknown}
Comestibles
 c - 8 rations


   Skills:
 + Level 6.8 Fighting
 + Level 2.0 Short Blades
 + Level 2.0 Long Blades
 + Level 2.0 Axes
 + Level 5.0 Maces & Flails
 + Level 2.0 Polearms
 + Level 2.0 Staves
 + Level 2.0 Slings
 + Level 2.0 Bows
 + Level 2.0 Crossbows
 + Level 2.0 Throwing
 + Level 5.0 Armour
 + Level 3.3 Dodging
 + Level 2.0 Stealth
 + Level 2.0 Shields
 + Level 2.0 Unarmed Combat
 + Level 2.0 Spellcasting
 + Level 1.6 Conjurations
 + Level 1.6 Hexes
 + Level 1.6 Charms
 + Level 1.6 Summonings
 + Level 1.6 Necromancy
 + Level 1.6 Translocations
 + Level 1.6 Transmutations
 + Level 1.6 Fire Magic
 + Level 1.6 Ice Magic
 + Level 1.6 Air Magic
 + Level 1.6 Earth Magic
 + Level 1.6 Poison Magic
 + Level 5.1 Invocations
 + Level 2.0 Evocations


You had 9 spell levels left.
You didn't know any spells.
Your spell library was empty.

Dungeon Overview and Level Annotations

Branches:
Dungeon (4/15)
 Temple: D:4-7

Altars:


Innate Abilities, Weirdness & Mutations

Your experience applies equally to all skills.
You have very sharp teeth.
Your uncanny sense of smell can sniff out nearby items.


Message History

The ogre hits you with a giant spiked club!
* * * LOW HITPOINT WARNING * * *
You slide downwards.
The hatch slams shut behind you. 4 orcs and an orc priest come into view.
The orc shouts! x3
The orc hits you but does no damage.
The orc priest miscasts a cantrip.
The orc barely misses you.
Found four items.
The orc hits you.
* * * LOW HITPOINT WARNING * * *
A frilled lizard comes into view.
The frilled lizard hisses angrily.
The orc barely misses you.
The orc priest begins to cast a cantrip, but forgets the words!
Found a ration.
Found 3 gold pieces.
The ogre hits you with a giant spiked club!!
Ouch! That really hurt!
You die...

#..#....... ###.#.#.#
#..#....#.# ...#.#.# #
#..#....#.#
#..#.#.#.#.#..#....#.#
.######..#.#.#.#.........#.#
.........................#.#
..........................
##.##..................#..
##.......O@...#.........#..
#%..##o#........###.....# .
∆#$8.##.##'#####.# #....##
#...##o##.# # ##...#
#.....##.# .$.#
..#####o#####.#
........#####.#
#.......o)..#.#
#######oo...#


You could see an ogre and an orc priest.

Vanquished Creatures
  Purgy (D:3)
  An orc priest (D:4)
  Jessica (D:3)
  An iguana (D:4)
  6 adders
  4 oozes
  2 worms (D:3)
  2 dart slugs (D:1)
  4 leopard geckos
  8 orcs
  A ball python (D:4)
  5 giant cockroaches
  9 goblins
  10 hobgoblins
  4 jackals (D:2)
  12 kobolds
  A quokka (D:3)
  6 bats
  5 frilled lizards
  6 rats
89 creatures vanquished.

Notes
Turn   | Place    | Note
-------+----------+-------------------------------------------
     0 | Abyss:1  | Henning the Gnoll Abyssal Knight began the quest for the
                  | Orb.
     0 | Abyss:1  | Reached XP level 1. HP: 23/23 MP: 3/3
    36 | D:1      | Escaped the Abyss
   161 | D:1      | Reached XP level 2. HP: 24/29 MP: 5/5
   507 | D:1      | Reached XP level 3. HP: 34/35 MP: 6/6
   615 | D:2      | Reached ** piety under Lugonu
  1142 | D:2      | Reached skill level 1 in Short Blades
  1142 | D:2      | Reached skill level 1 in Long Blades
  1142 | D:2      | Reached skill level 1 in Axes
  1142 | D:2      | Reached skill level 1 in Polearms
  1142 | D:2      | Reached skill level 1 in Staves
  1142 | D:2      | Reached skill level 1 in Slings
  1142 | D:2      | Reached skill level 1 in Bows
  1142 | D:2      | Reached skill level 1 in Crossbows
  1142 | D:2      | Reached skill level 1 in Throwing
  1142 | D:2      | Reached skill level 1 in Stealth
  1142 | D:2      | Reached skill level 1 in Shields
  1142 | D:2      | Reached skill level 1 in Unarmed Combat
  1142 | D:2      | Reached skill level 1 in Spellcasting
  1142 | D:2      | Reached skill level 1 in Evocations
  1142 | D:2      | Reached XP level 4. HP: 41/41 MP: 7/7
  1416 | D:2      | Reached skill level 1 in Conjurations
  1416 | D:2      | Reached skill level 1 in Hexes
  1416 | D:2      | Reached skill level 1 in Charms
  1416 | D:2      | Reached skill level 1 in Summonings
  1416 | D:2      | Reached skill level 1 in Necromancy
  1416 | D:2      | Reached skill level 1 in Translocations
  1416 | D:2      | Reached skill level 1 in Transmutations
  1416 | D:2      | Reached skill level 1 in Fire Magic
  1416 | D:2      | Reached skill level 1 in Ice Magic
  1416 | D:2      | Reached skill level 1 in Air Magic
  1416 | D:2      | Reached skill level 1 in Earth Magic
  1416 | D:2      | Reached skill level 1 in Poison Magic
  1820 | D:3      | Reached XP level 5. HP: 27/47 MP: 8/8
  2109 | D:3      | Reached *** piety under Lugonu
  2152 | D:3      | Noticed Purgy
  2198 | D:3      | HP: 2/47 [Purgy (1)]
  2516 | D:3      | Killed Purgy
  2516 | D:3      | Reached skill level 5 in Invocations
  2516 | D:3      | Reached XP level 6. HP: 40/53 MP: 9/9
  2634 | D:3      | Found a faded altar of an unknown god.
  2710 | D:3      | Noticed Jessica
  2718 | D:3      | Killed Jessica
  2869 | D:4      | Reached skill level 5 in Maces & Flails
  2869 | D:4      | Reached skill level 5 in Armour
  3882 | D:4      | Annihilated by an ogre

Vault maps used:
D:1:      lemuel_arrival_funnel
D:2:      minmay_joined_circles
D:3:      chequers_ecumenical_altar_island, first_ration, uniq_purgy,
          uniq_jessica
D:4:      mrwooster_statue_mirror, serial_bayou_crossing

Skill      XL: |  1  2  3  4  5  6 |
---------------+-------------------+-----
Short Blades   | 1 2 |  2.0
Long Blades    | 1 2 |  2.0
Axes           | 1 2 |  2.0
Polearms       | 1 2 |  2.0
Staves         | 1 2 |  2.0
Slings         | 1 2 |  2.0
Bows           | 1 2 |  2.0
Crossbows      | 1 2 |  2.0
Throwing       | 1 2 |  2.0
Stealth        | 1 2 |  2.0
Shields        | 1 2 |  2.0
Unarmed Combat | 1 2 |  2.0
Spellcasting   | 1 2 |  2.0
Evocations     | 1 2 |  2.0
Conjurations   | 1 |  1.6
Hexes          | 1 |  1.6
Charms         | 1 |  1.6
Summonings     | 1 |  1.6
Necromancy     | 1 |  1.6
Translocations | 1 |  1.6
Transmutations | 1 |  1.6
Fire Magic     | 1 |  1.6
Ice Magic      | 1 |  1.6
Air Magic      | 1 |  1.6
Earth Magic    | 1 |  1.6
Poison Magic   | 1 |  1.6
Dodging        | 3 |  3.3
Invocations    | 5 |  5.1
Maces & Flails | 5 |  5.0
Armour         | 5 |  5.0
Fighting       | |  6.8

Action                   |  1- 3 |  4- 6 || total
-------------------------+-------+-------++-------
Melee: Mace              |   114 |   217 ||   331
       Bite              |    12 |    31 ||    43
  Eat: Chunk             |     1 |     9 ||    10
Armor: Chain mail        |    77 |   200 ||   277
Dodge: Dodged            |    36 |   130 ||   166

Table legend:
 A = Non-vault XP
 B = Vault XP
 C = Vault XP percentage of total XP
 D = Non-vault monster count
 E = Vault monster count
 F = Vault count percentage of total count
                 A         B        C        D         E       F
            +---------+---------+-------+---------+---------+-------
      Total |     288 |     227 |  44.1 |      73 |      16 |  18.0
            +---------+---------+-------+---------+---------+-------
        D:1 |      37 |       0 |   0.0 |      19 |       0 |   0.0
        D:2 |      64 |      49 |  43.4 |      21 |      14 |  40.0
        D:3 |      93 |     178 |  65.7 |      26 |       2 |   7.1
        D:4 |      94 |       0 |   0.0 |       7 |       0 |   0.0
            +---------+---------+-------+---------+---------+-------
